 Dungeon Crawl Stone Soup version 0.29.1-1-gd02db6906a (webtiles) character file.

Game seed: 6242851332880332094

39 Jerry the Shield-Bearer (level 3, -1/20 HPs)
             Began as a Vine Stalker Fighter on Sept 15, 2022.
             Slain by a gnoll
             ... wielding a +0 flail
              (4 damage)
             ... on level 2 of the Dungeon.
             The game lasted 00:02:32 (1337 turns).

Jerry the Shield-Bearer (Vine Stalker Fighter)      Turns: 1337, Time: 00:02:32

Health: -1/20      AC:  7    Str: 18    XL:     3   Next: 45%
Magic:  0/4        EV:  9    Int:  8    God:
Gold:   81         SH:  5    Dex: 15    Spells: 2/2 levels left

rFire   . . .      SeeInvis .   a - +0 rapier
rCold   . . .      Faith    .   c - +0 buckler
rNeg    . . .      Spirit   +   b - +0 scale mail
rPois   .          Reflect  .   h - +0 helmet
rElec   .          Harm     .   (no cloak)
rCorr   .          Rampage  .   (no gloves)
Will    .....                   (no boots)
Stlth   ..........              (no amulet)
HPRegen 0.06/turn               (no ring)
MPRegen 0.09/turn               (no ring)

@: no status effects
A: fangs 2, magic shield, antimagic bite, no potion heal 2
a: no special abilities


You were on level 2 of the Dungeon.
You visited 1 branch of the dungeon, and saw 2 of its levels.

You collected 81 gold pieces.

Inventory:

Hand Weapons
 a - a +0 rapier (weapon)
Armour
 b - a +0 scale mail (worn)
 c - a +0 buckler (worn)
 h - a +0 helmet (worn)
Scrolls
 e - a scroll of magic mapping {unknown}
 f - a scroll of noise {unknown}
 i - a scroll of summoning {unknown}
 j - 2 scrolls of torment {unknown}
 m - a scroll of brand weapon {unknown}
Potions
 d - a potion of might
 g - a potion of mutation {unknown}
 k - a potion of degeneration {unknown}
 l - 2 potions of curing {unknown}


   Skills:
 + Level 3.0 Fighting
 + Level 2.4 Short Blades
 + Level 2.6 Armour
 + Level 0.1 Dodging
 + Level 3.1 Shields


You had 2 spell levels left.
You didn't know any spells.
Your spell library was empty.

Dungeon Overview and Level Annotations

Branches:
Dungeon (2/15)

Altars:


Innate Abilities, Weirdness & Mutations

You have extremely sharp teeth.
When hurt, damage is shared between your health and your magic reserves.
Your bite disrupts and absorbs the magic of your enemies.
Potions cannot restore your health.


Message History

2 gnolls come into view.
The gnoll shouts! x2
A gnoll comes into view. It is wielding a +0 flail.
The gnoll shouts!
You hit the giant cockroach but do no damage.
Your bite misses the giant cockroach. The giant cockroach barely misses you.
You hit the giant cockroach.
The giant cockroach is almost dead.
The giant cockroach closely misses you.
The giant cockroach waves its antennae.
The giant cockroach bites you but does no damage.
You hit the giant cockroach.
You kill the giant cockroach!
An endoplasm comes into view.
You closely miss the gnoll. You barely miss the gnoll.
You block the gnoll's attack.
You hit the gnoll.
The gnoll is moderately wounded.
You block the gnoll's attack.
You hit the gnoll but do no damage.
The gnoll is moderately wounded.
The gnoll hits you with a +0 flail!
You hit the gnoll but do no damage. Your bite misses the gnoll.
The gnoll is moderately wounded.
The gnoll barely misses you.
You closely miss the gnoll.
The gnoll is moderately wounded.
The gnoll hits you with a +0 flail.
You are too injured to fight recklessly!
You are too injured to fight recklessly!
There are monsters nearby!
You are too injured to fight recklessly!
You hit the gnoll but do no damage. You bite the gnoll, but do no damage.
The gnoll is moderately wounded.
The gnoll hits you with a +0 flail.
* * * LOW HITPOINT WARNING * * *
The gnoll closely misses you. The gnoll attacks as you move away!
The gnoll misses you. The gnoll attacks as you move away!
The gnoll hits you with a +0 flail.
You die...

#.# #.# #.#
#.# #####
#.# .....
#.# .....
#.# .....
#.########..
.....
#.@g.ggJ...#
.....
##########.#
######
#.....
#[####
#..<..
####.#
#†...#
#.....
######


You could see 3 gnolls and an endoplasm.

Vanquished Creatures
  3 bats (D:2)
  3 endoplasms
  A giant cockroach (D:2)
  6 hobgoblins (D:1)
  5 jackals (D:1)
  2 kobolds (D:1)
  2 quokkas (D:2)
  4 ball pythons
  4 frilled lizards (D:1)
  3 rats (D:1)
33 creatures vanquished.

Notes
Turn   | Place    | Note
-------+----------+-------------------------------------------
     0 | D:1      | Jerry the Vine Stalker Fighter began the quest for the Orb.
     0 | D:1      | Reached XP level 1. HP: 11/11 MP: 2/2
   246 | D:1      | Reached XP level 2. HP: 16/16 MP: 3/3
   282 | D:1      | Found a faded altar of an unknown god.
   826 | D:1      | Reached XP level 3. HP: 19/19 MP: 4/4
  1094 | D:2      | Identified the +2 pair of boots of Epynaiso {*Slow Str+5
                  | Stlth+}
  1337 | D:2      | Slain by a gnoll

Illustrated notes

Levels and vault maps discovered:
D:1:      scummos_arrival_star, layout_loops_ring,
          dreamdust_ecumenical_altar_angels_and_demons
D:2:      layout_basic

Skill      XL: |  1  2  3 |
---------------+----------+-----
Shields        | 3 |  3.1
Short Blades   | 2 |  2.4
Fighting       | 3 |  3.0
Armour         | |  2.6
Dodging        | |  0.1

Action                   || total
-------------------------++-------
Melee: Rapier            ||    94
       Bite              ||    19
Armor: Scale mail        ||    41
Dodge: Dodged            ||    60
Block: Buckler           ||    31
